 Dungeon Crawl Stone Soup version 0.17.0 (webtiles) character file.

8071 Eucla the Grappler (level 11, -1/109 HPs)
             Began as a Troll Monk on Nov 20, 2015.
             Was a High Priest of Nemelex Xobeh.
             Slain by a six-headed hydra (13 damage)
             ... on level 4 of the Lair of Beasts.
             The game lasted 00:14:59 (6806 turns).

Eucla the Grappler (Troll Monk)                     Turns: 6806, Time: 00:14:59

Health: -1/109     AC:  5    Str: 31    XL:     11   Next: 5%
Magic:  13/13      EV: 16    Int:  6    God:    Nemelex Xobeh [*****.]
Gold:   226        SH:  0    Dex: 25    Spells: 0 memorised, 10 levels left

rFire  + . .     SeeInvis .       - Unarmed
rCold  . . .     Clarity  .     a - +0 robe
rNeg   . . .     SustAt   .     (no shield)
rPois  .         Gourm    +     (helmet restricted)
rElec  .         Spirit   .     (no cloak)
rCorr  .         Warding  .     (gloves unavailable)
rMut   .         Stasis   .     (boots unavailable)
MR     .....                    D - amulet of Nuisaj {+Rage rF+ Str+5 Dex+10}
Stlth  +.........               y - ring of loudness (curse)
                                v - +5 ring of strength

@: not resistant to hostile enchantments, very unstealthy
A: unfitting armour, claws 3, fast metabolism 3, gourmand, regeneration 2,
shaggy fur 1, tough skin 2
a: Triple Draw, Deal Four, Stack Five, Renounce Religion, Evoke Berserk Rage


You were on level 4 of the Lair of Beasts.
You worshipped Nemelex Xobeh.
Nemelex Xobeh was extremely pleased with you.
You were very full.

You visited 2 branches of the dungeon, and saw 13 of its levels.

You collected 551 gold pieces.
You spent 325 gold pieces at shops.

Inventory:

Armour
 a - a +0 robe (worn)
Jewellery
 v - a +5 ring of strength (left claw)
 y - a cursed ring of loudness (right claw)
 A - an uncursed amulet of stasis
 B - an uncursed ring of flight {unknown}
 D - the amulet of Nuisaj (around neck) {+Rage rF+ Str+5 Dex+10}
   (You found it on level 4 of the Dungeon)

   [amulet of rage]

   It affects your strength (+5).
   It affects your dexterity (+10).
   It protects you from fire.
   It lets you go berserk.
 K - an uncursed ring of flight {unknown}
 S - an uncursed ring of poison resistance {unknown}
 Z - a cursed ring of teleportation {unknown}
Wands
 w - a wand of digging (8)
 Q - a wand of teleportation (7)
 X - a wand of fire (4)
Scrolls
 c - 14 scrolls of identify {unknown}
 d - 3 scrolls of random uselessness {unknown}
 h - 4 scrolls of fog {unknown}
 i - 2 scrolls of enchant weapon {unknown}
 n - 3 scrolls of magic mapping {unknown}
 o - 2 scrolls of blinking {unknown}
 r - a scroll of teleportation {unknown}
 x - 5 scrolls of enchant armour {unknown}
 z - 3 scrolls of remove curse {unknown}
 H - 4 scrolls of amnesia {unknown}
 J - 3 scrolls of immolation {unknown}
Potions
 e - 2 potions of haste {unknown}
 f - 2 potions of heal wounds {unknown}
 j - 2 potions of agility {unknown}
 m - a potion of lignification {unknown}
 p - 3 potions of brilliance {unknown}
 q - 3 potions of flight {unknown}
 s - 2 potions of cancellation {unknown}
 u - 2 potions of might {unknown}
 C - 8 potions of curing {unknown}
 G - 2 potions of degeneration {unknown}
 L - a potion of mutation {unknown}
 P - a potion of poison {unknown}
Books
 T - a book of Battle

   Spells                             Type                      Level
   a - Infusion                       Charms                       1
   b - Shroud of Golubria             Charms/Translocation         2
   c - Song of Slaying                Charms                       2
   d - Spectral Weapon                Hexes/Charms                 3
   e - Regeneration                   Charms/Necromancy            3
Miscellaneous
 g - a plain deck of wonders
 t - a plain deck of destruction {drawn: 5}
 E - an ornate deck of escape
 F - a legendary deck of destruction
 I - a plain deck of war {drawn: 5}
 M - a legendary deck of war
 O - a plain deck of escape
 R - an ornate deck of war
 U - an ornate deck of escape
 W - a legendary deck of wonders {drawn: 1}
Comestibles
 b - 15 bread rations
 k - 10 meat rations
 l - 2 fruits
 Y - a slice of pizza


   Skills:
 + Level 7.0 Fighting
 + Level 7.0 Dodging
 - Level 1.1 Stealth
 * Level 11.7 Unarmed Combat
 + Level 5.1 Evocations


You had 10 spell levels left.
You didn't know any spells.

Dungeon Overview and Level Annotations

Branches:
Dungeon (9/15)             Temple (0/1) D:4            Lair (4/8) D:9
  Swamp: Lair:3-6    Shoals: Lair:3-6     Snake: Lair:3-6    Spider: Lair:3-6
    Orc: D:9-12

Altars:
Ashenzari
Dithmenos
Fedhas
Gozag
Nemelex Xobeh
Ru
Sif Muna
Xom
Yredelemnul
Zin
The Shining One

Shops:
D:5 (   D:7 %

Annotations:
Lair:4 Snorg


Innate Abilities, Weirdness & Mutations

You are too large for most types of armour.
You have claws for hands.
Your metabolism is lightning-fast.
You like to eat raw meat.
You heal very quickly.
You are covered in fur (AC +1).
You have very tough skin (AC +2).


Message History

Press: ? - help, Shift-Dir - straight line, f/p - six-headed hydra
Aim: a six-headed hydra (almost dead, covered in acid)
The six-headed hydra convulses in agony!
The komodo dragon completely misses you.
Your insubstantial wisp hits the komodo dragon but does no damage.
The six-headed hydra bites you. The six-headed hydra bites you!
* * * LOW HITPOINT WARNING * * *
The six-headed hydra bites you!
* * * LOW HITPOINT WARNING * * *
The six-headed hydra barely misses you.
The six-headed hydra closely misses you.
The six-headed hydra bites you.
* * * LOW HITPOINT WARNING * * *
Unknown command.
Your insubstantial wisp blinks!
Found a stone staircase leading down.
Found a trident.
The six-headed hydra bites you!
You die...
Your body glows with a rainbow of weird colours and disappears.

#..#.....#.##
#...........## ####
##............#
..8.##...#.8.8.#...#
......(.........#..#
.>.........<......+
.....#T......#..#
##..D#.8.8.#v..#
#..@.#........##
###..l.........
#...#...#..#.#
##..##..#..# #
##......$.#
#..)...### ####.###
.#


You could see Snorg, a six-headed hydra and a komodo dragon.

Vanquished Creatures
  Pikel (D:7)
  A spiny frog (Lair:1)
  A troll (D:9)
  Grinder (D:6)
  3 two-headed ogres (D:8)
  A wyvern (D:8)
  3 yaks (Lair:2)
  A human (D:2)
  2 hippogriffs
  6 wolves
  A water moccasin (D:9)
  3 porcupines
  2 black bears
  2 orc warriors
  An ice beast (D:7)
  A spider (D:5)
  A necrophage (D:8)
  2 phantoms
  6 centaurs
  A wasp (D:7)
  A crocodile (Lair:1)
  6 ogres
  A gnoll sergeant (D:9)
  7 giant frogs
  3 scorpions
  4 hounds
  5 wights (D:9)
  A crimson imp (D:9)
  3 orc priests
  6 iguanas
  4 orc wizards
  A quasit (D:9)
  Natasha (D:4)
  9 worker ants
  2 killer bee zombies
  A hound skeleton (D:7)
  2 hound zombies
  15 gnolls
  7 river rats (Lair:3)
  12 adders
  3 shadow imps
  An ooze (D:4)
  3 adder skeletons
  A worm (D:2)
  3 giant geckos
  31 orcs
  2 bats
  6 giant cockroaches
  5 goblins
  2 hobgoblins (D:1)
  15 jackals
  9 kobolds
  4 quokkas
  8 giant newts
  A quokka skeleton (D:7)
  6 rats
231 creatures vanquished.

Vanquished Creatures (collateral kills)
  Eustachio (D:6)
  An ogre (D:3)
2 creatures vanquished.

Grand Total: 233 creatures vanquished

Notes
Turn   | Place    | Note
--------------------------------------------------------------
     0 | D:1      | Eucla the Troll Monk began the quest for the Orb.
     0 | D:1      | Reached XP level 1. HP: 22/22 MP: 0/0
   157 | D:1      | Reached XP level 2. HP: 25/29 MP: 1/1
   471 | D:1      | Reached XP level 3. HP: 28/36 MP: 2/2
   760 | D:2      | Found a runed door.
   760 | D:2      | Noticed a human
   766 | D:2      | Found a basalt altar of Yredelemnul.
   790 | D:2      | Killed a human
   790 | D:2      | Reached skill level 5 in Unarmed Combat
   790 | D:2      | Reached XP level 4. HP: 25/45 MP: 3/3
   790 | D:2      | Reached XP level 5. HP: 29/53 MP: 4/4
  1289 | D:2      | Found a glowing silver altar of Zin.
  1289 | D:2      | Found an opulent altar of Gozag.
  1509 | D:3      | Found a sparkling altar of Nemelex Xobeh.
  1512 | D:3      | Became a worshipper of Nemelex Xobeh the Trickster
  1512 | D:3      | Received a gift from Nemelex Xobeh
  1512 | D:3      | Reached * piety under Nemelex Xobeh
  1512 | D:3      | Reached ** piety under Nemelex Xobeh
  1567 | D:3      | Received a gift from Nemelex Xobeh
  1654 | D:3      | Noticed an ogre
  1660 | D:3      | Killed an ogre
  1660 | D:3      | Reached skill level 6 in Unarmed Combat
  1660 | D:3      | Reached XP level 6. HP: 36/61 MP: 5/5
  1785 | D:3      | Found a blossoming altar of Fedhas.
  2208 | D:4      | Found a staircase to the Ecumenical Temple.
  2363 | D:4      | Noticed Natasha
  2370 | D:4      | Killed Natasha
  2470 | D:4      | Reached skill level 1 in Evocations
  2470 | D:4      | Reached XP level 7. HP: 40/68 MP: 6/6
  2497 | D:4      | Got a vibrating pewter amulet
  2498 | D:4      | Identified the amulet of Nuisaj {+Rage rF+ Str+5 Dex+10} (You found it on level 4 of the Dungeon)
  2558 | D:4      | Received a gift from Nemelex Xobeh
  2697 | D:5      | Entered Level 5 of the Dungeon
  2824 | D:5      | Reached *** piety under Nemelex Xobeh
  2851 | D:5      | Got a faintly glowing flail
  2852 | D:5      | Identified the +5 flail of Okawaru's Generosity {freeze, +Rage Dex+4} (You found it on level 5 of the Dungeon)
  2899 | D:5      | Received a gift from Nemelex Xobeh
  2916 | D:5      | Found Jopeosk's Antique Weapon Boutique.
  3156 | D:5      | Reached skill level 7 in Unarmed Combat
  3453 | D:6      | Noticed Eustachio
  3472 | D:6      | Reached XP level 8. HP: 57/78 MP: 8/8
  3483 | D:6      | Killed Eustachio
  3537 | D:6      | Received a gift from Nemelex Xobeh
  3568 | D:6      | Reached skill level 8 in Unarmed Combat
  3780 | D:6      | Noticed Grinder
  3794 | D:6      | Killed Grinder
  3999 | D:6      | Found a sacrificial altar of Ru.
  3999 | D:6      | Found a shimmering altar of Xom.
  3999 | D:6      | Found a sparkling altar of Nemelex Xobeh.
  3999 | D:6      | Found a shadowy altar of Dithmenos.
  4008 | D:6      | Reached skill level 5 in Dodging
  4015 | D:6      | Found a deep blue altar of Sif Muna.
  4015 | D:6      | Found a shattered altar of Ashenzari.
  4347 | D:7      | Received a gift from Nemelex Xobeh
  4415 | D:7      | Reached **** piety under Nemelex Xobeh
  4474 | D:7      | Reached skill level 5 in Fighting
  4474 | D:7      | Reached XP level 9. HP: 82/88 MP: 10/10
  4569 | D:7      | Found Axtoanus's Food Shop.
  4577 | D:7      | Bought a meat ration for 65 gold pieces
  4577 | D:7      | Bought a meat ration for 65 gold pieces
  4577 | D:7      | Bought a meat ration for 65 gold pieces
  4577 | D:7      | Bought a meat ration for 65 gold pieces
  4577 | D:7      | Bought a meat ration for 65 gold pieces
  4607 | D:7      | Reached skill level 9 in Unarmed Combat
  4738 | D:7      | Noticed Pikel
  4744 | D:7      | Killed Pikel
  4849 | D:7      | Received a gift from Nemelex Xobeh
  5160 | D:8      | Received a gift from Nemelex Xobeh
  5315 | D:8      | Reached skill level 10 in Unarmed Combat
  5409 | D:8      | Received a gift from Nemelex Xobeh
  5432 | D:8      | Reached XP level 10. HP: 92/98 MP: 12/12
  5900 | D:9      | Reached ***** piety under Nemelex Xobeh
  6091 | D:9      | Found a staircase to the Lair.
  6121 | D:9      | Reached skill level 11 in Unarmed Combat
  6341 | D:9      | Found a glowing golden altar of the Shining One.
  6352 | Lair:1   | Entered Level 1 of the Lair of Beasts
  6613 | Lair:2   | Reached skill level 5 in Evocations
  6634 | Lair:2   | Received a gift from Nemelex Xobeh
  6651 | Lair:3   | Reached XP level 11. HP: 84/109 MP: 13/13
  6793 | Lair:4   | Noticed a six-headed hydra
  6800 | Lair:4   | Noticed Snorg
  6806 | Lair:4   | Slain by a six-headed hydra

Action                   |  1- 3 |  4- 6 |  7- 9 | 10-12 || total
-------------------------+-------+-------+-------+-------++-------
Melee: Unarmed           |    74 |   138 |   280 |   170 ||   662
Evoke: Deck              |       |     3 |     9 |    10 ||    22
 Stab: Distracted        |     2 |       |     1 |       ||     3
       Sleeping          |     1 |     2 |     1 |       ||     4
  Eat: Chunk             |     8 |    14 |    29 |     9 ||    60
       Fruit             |       |     3 |       |       ||     3
       Pizza             |       |     1 |       |       ||     1
       Royal jelly       |       |       |       |     1 ||     1
       Beef jerky        |       |       |       |     1 ||     1
